 Dungeon Crawl Stone Soup version 0.30.1-9-gdf580d7c3d (webtiles) character file.

Game seed: 5694784903243965294

298 jagang the Shooter (level 6, 0/47 HPs)
             Began as a Human Hunter on Sept 29, 2023.
             Slain by a black bear (3 damage)
             ... on level 5 of the Dungeon.
             The game lasted 00:07:10 (3491 turns).

jagang the Shooter (Human Hunter)                   Turns: 3491, Time: 00:07:13

Health: 0/47       AC:  3    Str: 11    XL:     6   Next: 62%
Magic:  6/6        EV: 13    Int:  9    God:
Gold:   172        SH:  0    Dex: 19    Spells: 5/5 levels left

rFire   + . .        r - +0 long sword
rCold   + . .        (no shield)
rNeg    . . .        c - +0 leather armour
rPois   .            (no helmet)
rElec   .            (no cloak)
rCorr   .            (no gloves)
SInv    .            (no boots)
Will    .....        (no amulet)
Stlth   ++           x - ring of protection from cold
HPRegen 0.27/turn    w - ring of protection from fire
MPRegen 0.10/turn

%: no passive effects
@: no status effects
A: no striking features
a: no special abilities


You were on level 5 of the Dungeon.
You visited 1 branch of the dungeon, and saw 5 of its levels.

You collected 172 gold pieces.

Inventory:

Hand Weapons
 a - a +0 shortbow
 r - a +0 long sword (weapon)
 C - a +0 short sword of flaming
Missiles
 i - 11 poisoned darts
 y - 6 javelins
Armour
 c - a +0 leather armour (worn)
 h - a +0 chain mail
Jewellery
 p - a ring of flight
 w - a ring of protection from fire (right hand)
 x - a ring of protection from cold (left hand)
Wands
 A - a wand of digging (4)
Scrolls
 b - a scroll of immolation
 d - 4 scrolls of identify {unknown}
 e - a scroll of blinking {unknown}
 f - a scroll of enchant armour {unknown}
 j - 2 scrolls of fog {unknown}
 s - a scroll of enchant weapon {unknown}
 t - a scroll of magic mapping {unknown}
 u - a scroll of noise {unknown}
 z - a scroll of brand weapon {unknown}
 B - 2 scrolls of teleportation {unknown}
Potions
 g - 2 potions of curing {unknown}
 k - a potion of attraction {unknown}
 l - a potion of haste {unknown}
 m - a potion of degeneration {unknown}
 n - a potion of lignification
 o - a potion of heal wounds {unknown}
 q - 3 potions of might
 v - a potion of brilliance {unknown}


   Skills:
 + Level 3.1 Fighting
 * Level 3.0 Long Blades
 - Level 4.0 Ranged Weapons
 + Level 2.2 Armour
 * Level 4.0 Dodging
 - Level 1.2 Stealth


You had 5 spell levels left.
You didn't know any spells.
Your spell library contained the following spells:

 Spells                   Type           Power      Damage    Failure   Level
 Cigotuvi's Dreadful Rot  Necr/Pois/Air  0%         N/A       63%         2
 Dispel Undead            Necr           0%         3d6       99%         4
 Death Channel            Necr           0%         N/A       100%        6


Dungeon Overview and Level Annotations

Branches:
Dungeon (5/15)
 Temple: D:4-7

Altars:
Ru


Message History

The black bear barely misses you. The black bear closely misses you.
The black bear claws you. The black bear barely misses you.
The black bear closely misses you. The black bear misses you.
You barely miss the black bear.
The black bear is heavily wounded.
The black bear bites you. The black bear claws you. The black bear misses you.
You barely miss the black bear.
The black bear is heavily wounded.
The black bear bites you! The black bear misses you.
The black bear barely misses you.
You hit the black bear.
The black bear is severely wounded.
The black bear closely misses you. The black bear barely misses you. x2
You hit the black bear but do no damage.
The black bear is severely wounded.
The black bear misses you.
The black bear claws you but does no damage.
The black bear claws you. The black bear closely misses you.
The black bear claws you but does no damage.
The black bear barely misses you.
You hit the black bear but do no damage.
The black bear is severely wounded.
The black bear bites you. The black bear claws you. The black bear misses you.
You hit the black bear but do no damage.
You punch the black bear.
The black bear is severely wounded.
The black bear goes berserk!
You closely miss the black bear.
The black bear is severely wounded.
The black bear bites you. The black bear misses you.
The black bear closely misses you. The black bear bites you.
The black bear claws you but does no damage. x2
You hit the black bear.
The black bear is severely wounded.
The black bear bites you!
* * * LOW HITPOINT WARNING * * *
The black bear claws you.
* * * LOW HITPOINT WARNING * * *
The black bear claws you.
You die...

.......#
#......# ###
#......# #...
.......#
...##......#
##.#..#......#
#............#
#..@h..#
#####......
..... .... ###


You could see a black bear (berserk).

Vanquished Creatures
  A water moccasin (D:3)
  A jelly (D:4)
  Ijyb (D:3)
  A gnoll (D:1)
  5 adders
  A worm (D:3)
  5 dart slugs
  An orc (D:3)
  5 endoplasms
  6 giant cockroaches
  4 goblins
  8 hobgoblins
  3 jackals (D:1)
  3 kobolds
  3 quokkas
  A ball python (D:4)
  8 bats
  5 frilled lizards
  6 rats
68 creatures vanquished.

Notes
Turn   | Place    | Note
-------+----------+-------------------------------------------
     0 | D:1      | jagang the Human Hunter began the quest for the Orb.
     0 | D:1      | Reached XP level 1. HP: 16/16 MP: 1/1
    51 | D:1      | Reached XP level 2. HP: 22/22 MP: 2/2
   168 | D:1      | Reached XP level 3. HP: 13/27 MP: 3/3
   169 | D:1      | Reached skill level 1 in Long Blades
   316 | D:1      | You fall into a shaft and drop 1 floor!
   671 | D:1      | Reached XP level 4. HP: 32/34 MP: 4/4
   735 | D:1      | Reached skill level 1 in Armour
  1434 | D:2      | Found a faded altar of an unknown god.
  1468 | D:2      | Found a sacrificial altar of Ru.
  2348 | D:3      | Noticed a water moccasin
  2364 | D:3      | Killed a water moccasin
  2365 | D:3      | Reached XP level 5. HP: 8/40 MP: 5/5
  2365 | D:3      | Reached XP level 6. HP: 9/46 MP: 6/6
  2703 | D:3      | Noticed Ijyb
  2710 | D:3      | Killed Ijyb
  3477 | D:5      | Entered Level 5 of the Dungeon
  3477 | D:5      | Noticed a black bear
  3491 | D:5      | Slain by a black bear

Illustrated notes

Levels and vault maps discovered:
D:1:      minmay_arrival_solitary_statue, layout_loops_cross,
          minmay_misc_feat_nine_boxes, minmay_cut_off
D:2:      layout_basic, shapermc_ecumenical_altar_ellora, basic_altar
D:3:      layout_basic, kennysheep_generic_room_5, uniq_ijyb
D:4:      layout_rooms
D:5:      layout_rooms, lemuel_coloured_pillars_altar, serial_glass,
          glass_columns_a, glass_columns_a, glass_columns_c,
          chequers_serial_rivers_room_b, eino_small_chamber_without_monster,
          uniq_crazy_yiuf_cottage, uniq_edmund

Skill      XL: |  1  2  3  4  5  6 |
---------------+-------------------+-----
Long Blades    | 1 2 3 |  3.0
Armour         | 1 2 |  2.2
Dodging        | 3 4 |  4.0
Fighting       | 3 |  3.1
Ranged Weapons | |  4.0
Stealth        | |  1.2

Action                     |  1- 3 |  4- 6 || total
---------------------------+-------+-------++-------
  Melee: Long sword        |       |   105 ||   105
         Spear             |       |     1 ||     1
         Punch             |       |     2 ||     2
   Fire: Shortbow          |    86 |    35 ||   121
    Use: Potion            |       |     2 ||     2
   Stab: Sleeping          |       |     4 ||     4
 Armour: Leather armour    |    19 |    33 ||    52
         Skin              |       |     4 ||     4
  Dodge: Dodged            |    23 |   102 ||   125
